 Dungeon Sprint DCSS version 0.27-a0-54-g64bdb92e38 (webtiles) character file.

Game seed: 273771080140331949

6515 mhtbhm the Bludgeoner (level 10, -1/90 HPs)
             Began as a Minotaur Fighter on Jan 8, 2021.
             Was a Believer of Hepliaklqana.
             Killed from afar by a lindwurm (29 damage)
             ... with a blast of flame
             ... in the Dungeon (Sprint IX: "|||||||||||||||||||||||||||||").
             The game lasted 00:03:57 (1281 turns).

mhtbhm the Bludgeoner (Minotaur Fighter)            Turns: 1281, Time: 00:03:58

Health: -1/90      AC: 11    Str: 24    XL:     10   Next: 69%
Magic:  3/3        EV: 16    Int:  5    God:    Hepliaklqana [**....]
Gold:   0          SH: 13    Dex: 10    Spells: 9/9 levels left

rFire    . . .     SeeInvis .   a - +5 demon whip "Spellbinder" {antimagic, Will+}
rCold    . . .     Faith    .   c - +0 kite shield
rNeg     . . .     Spirit   .   b - +2 ring mail
rPois    .         Reflect  .   (helmet restricted)
rElec    .         Harm     .   (no cloak)
rCorr    .         Rampage  .   o - +0 pair of gloves
Will     +....     NoTele   +   (no boots)
Stlth    +.........             (no amulet)
HPRegen  0.25/turn              q - +2 ring of evasion
MPRegen  0.08/turn              (no ring)

@: no status effects
A: retaliatory headbutt, reduced essence, horns 2
a: Renounce Religion, Recall Ancestor, Ancestor Identity


You were in the Dungeon.
You worshipped Hepliaklqana.
Hepliaklqana was pleased with you.
You visited 1 branch

Inventory:

Hand Weapons
 a - the +5 demon whip "Spellbinder" (weapon) {antimagic, Will+}
   (You found it in the Dungeon)

   It reduces the magical energy of the wielder, and disrupts the spells and
   magical abilities of those hit.
   Natural abilities and divine invocations are not affected.
   It affects your willpower, your defense against some magical effects.
Armour
 b - a +2 ring mail (worn)
 c - a +0 kite shield (worn)
 o - a +0 pair of gloves (worn)
Jewellery
 p - a +3 ring of strength
 q - a +2 ring of evasion (left hand)
Wands
 n - a wand of acid (5)
Scrolls
 j - 3 scrolls of blinking
 l - 4 scrolls of remove curse
 m - 2 scrolls of amnesia
 t - a scroll of fear
 u - 2 scrolls of enchant weapon
 v - 2 scrolls of enchant armour
Potions
 d - 2 potions of might
 e - a potion of invisibility
 f - 2 potions of heal wounds
 g - a potion of haste
 h - 4 potions of magic
 i - a potion of berserk rage
 k - 3 potions of curing
 r - 2 potions of brilliance
 s - 2 potions of mutation


   Skills:
 + Level 12.9 Fighting
 - Level 3.9 Long Blades
 * Level 18.2 Maces & Flails
 + Level 12.5 Armour
 + Level 8.3 Dodging
 + Level 2.6 Stealth
 + Level 12.2 Shields
 + Level 3.2 Evocations


You had 9 spell levels left.
You didn't know any spells.
Your spell library was empty.

Dungeon Overview and Level Annotations

Branches:
Dungeon (1/1)

Altars:
Cheibriados
Dithmenos
Elyvilon
Fedhas
Gozag
Hepliaklqana
Kikubaaqudgha
Makhleb
Nemelex Xobeh
Okawaru
Qazlal
Ru
Sif Muna
Trog
Uskayaw
Vehumet
Wu Jian
Xom
Yredelemnul
Zin
The Shining One
Beogh
Jiyva
Lugonu


Innate Abilities, Weirdness & Mutations

You reflexively headbutt those who attack you in melee.
You have a pair of horns on your head.
Your life essence is reduced to manifest your ancestor. (-10% HP)


Message History

Press: ? - help, Shift-Dir - straight line, f - lindwurm
Aim: a lindwurm (moderately wounded, catching its breath, 12% to evade)
The bolt of acid hits the lindwurm!
The lindwurm is splashed with acid.
The acid corrodes the lindwurm!
The lindwurm is heavily wounded.
The bolt of acid hits the lindwurm!
The lindwurm is splashed with acid.
The acid corrodes the lindwurm!
The lindwurm is moderately wounded.
The bolt of acid hits the worm!
The worm is splashed with acid.
The acid corrodes the worm!
You kill the worm!
The lindwurm completely misses you. You furiously retaliate!
You headbutt the lindwurm! The lindwurm misses you.
The lindwurm barely misses you.
You whack the lindwurm!
You kill the lindwurm!
Your Maces & Flails skill increases to level 18!
The lindwurm breathes flames at you. The blast of flame hits you!!
You die...

▓.▓÷▓
▓(▓.▓†▓
▓.▓.▓.▓
▓.▓.▓.▓
▓.▓.▓[▓
▓.▓.▓[▓
▓†▓.▓.▓
▓k▓.▓)▓
▓@▓.▓.▓
▓†▓.▓.▓
▓R▓.▓'▓
▓.▓.▓_▓
▓.▓.▓_▓
▓.▓.▓_▓
▓.▓.▓_▓
▓.▓.▓_▓
▓.▓.▓_▓


You could see the friendly Cashile the knight and a lindwurm (catching breath,
corroded).

Vanquished Creatures
  A hydra (D)
  4 lindwurms (D)
  An elephant (D)
  3 cane toads (D)
  A rime drake (D)
  2 komodo dragons (D)
  A troll (D)
  A dream sheep (D)
  A tyrant leech (D)
  2 yaks (D)
  A wyvern (D)
  3 water moccasins (D)
  A wolf (D)
  An ogre (D)
  A centaur (D)
  5 bullfrogs (D)
  A scorpion (D)
  A wight (D)
  A worker ant (D)
  2 adders (D)
  A shadow imp (D)
  A white imp (D)
  2 worms (D)
  An orc (D)
  A ball python (D)
  A giant cockroach (D)
  A goblin (D)
  A hobgoblin (D)
  A jackal (D)
  A frilled lizard (D)
  A jackal zombie (D)
  A leopard gecko skeleton (D)
47 creatures vanquished.

Vanquished Creatures (others)
  A knight (D)
  An ancestor (D)
2 creatures vanquished.

Grand Total: 49 creatures vanquished

Notes
Turn   | Place    | Note
-------+----------+-------------------------------------------
     0 | D        | mhtbhm the Minotaur Fighter began the quest for the Orb.
     0 | D        | Reached XP level 1. HP: 19/19 MP: 0/0
    15 | D        | Reached skill level 5 in Armour
    21 | D        | Noticed a worker ant
    28 | D        | Killed a worker ant
    29 | D        | Reached skill level 5 in Shields
    29 | D        | Reached XP level 2. HP: 11/28 MP: 1/1
    29 | D        | Reached XP level 3. HP: 14/35 MP: 2/2
    33 | D        | Reached skill level 5 in Fighting
    44 | D        | Found a roughly hewn altar of Beogh.
    44 | D        | Found a snail-covered altar of Cheibriados.
    44 | D        | Found a shadowy altar of Dithmenos.
    44 | D        | Found a white marble altar of Elyvilon.
    44 | D        | Found a blossoming altar of Fedhas.
    44 | D        | Found an opulent altar of Gozag.
    45 | D        | Found a hazy altar of Hepliaklqana.
    46 | D        | Found a viscous altar of Jiyva.
    47 | D        | Found an ancient bone altar of Kikubaaqudgha.
    48 | D        | Found a corrupted altar of Lugonu.
    49 | D        | Found a burning altar of Makhleb.
    50 | D        | Found a sparkling altar of Nemelex Xobeh.
    53 | D        | Found an iron altar of Okawaru.
    54 | D        | Found a stormy altar of Qazlal.
    55 | D        | Became a worshipper of Hepliaklqana the Forgotten
    56 | D        | Found a sacrificial altar of Ru.
    57 | D        | Found a shimmering blue altar of Sif Muna.
    58 | D        | Found a bloodstained altar of Trog.
    59 | D        | Found a hide-covered altar of Uskayaw.
    60 | D        | Found a radiant altar of Vehumet.
    61 | D        | Found an ornate altar of the Wu Jian Council.
    62 | D        | Found a shimmering altar of Xom.
    63 | D        | Found a basalt altar of Yredelemnul.
    64 | D        | Found a glowing silver altar of Zin.
    65 | D        | Found a glowing golden altar of the Shining One.
    74 | D        | Found the +5 demon whip "Spellbinder" {antimagic, Will+}
   196 | D        | Noticed a centaur
   196 | D        | Noticed a bullfrog
   196 | D        | Noticed a troll
   196 | D        | Noticed a bullfrog
   202 | D        | Reached skill level 1 in Maces & Flails
   205 | D        | Killed a bullfrog
   206 | D        | Reached skill level 3 in Maces & Flails
   206 | D        | Reached skill level 1 in Dodging
   206 | D        | Reached XP level 4. HP: 15/40 MP: 1/3
   209 | D        | Killed a bullfrog
   209 | D        | Killed a centaur
   210 | D        | Reached skill level 5 in Maces & Flails
   210 | D        | Reached XP level 5. HP: 18/47 MP: 1/4
   210 | D        | Reached XP level 6. HP: 21/54 MP: 1/5
   212 | D        | Killed a troll
   213 | D        | Reached skill level 7 in Maces & Flails
   213 | D        | Reached skill level 10 in Armour
   213 | D        | Reached skill level 1 in Stealth
   213 | D        | Reached skill level 1 in Evocations
   404 | D        | Noticed a wyvern
   406 | D        | Killed a wyvern
   407 | D        | Reached skill level 8 in Maces & Flails
   407 | D        | Reached XP level 7. HP: 63/63 MP: 2/6
   417 | D        | Reached skill level 9 in Maces & Flails
   423 | D        | Reached * piety under Hepliaklqana
   483 | D        | Reached ** piety under Hepliaklqana
   485 | D        | Remembered your ancestor Cashile as a knight
   568 | D        | Noticed a rime drake
   568 | D        | Noticed a cane toad
   570 | D        | Noticed a cane toad
   575 | D        | Noticed a cane toad
   577 | D        | Killed a cane toad
   578 | D        | Reached skill level 10 in Fighting
   578 | D        | Reached skill level 10 in Maces & Flails
   578 | D        | Reached skill level 5 in Dodging
   578 | D        | Reached skill level 10 in Shields
   578 | D        | Reached XP level 8. HP: 44/71 MP: 2/7
   582 | D        | Killed a rime drake
   583 | D        | Reached skill level 11 in Maces & Flails
   602 | D        | Reached skill level 12 in Maces & Flails
   605 | D        | Killed a cane toad
   606 | D        | Reached XP level 9. HP: 51/77 MP: 2/8
   611 | D        | Killed a cane toad
   612 | D        | Reached skill level 13 in Maces & Flails
   618 | D        | Reached skill level 14 in Maces & Flails
   728 | D        | Noticed a komodo dragon
   728 | D        | Noticed a komodo dragon
   734 | D        | Noticed an elephant
   736 | D        | Killed a komodo dragon
   743 | D        | Killed a komodo dragon
   747 | D        | Reached skill level 15 in Maces & Flails
   749 | D        | Noticed a four-headed hydra
   952 | D        | Killed an elephant
   961 | D        | Killed a four-headed hydra
   962 | D        | Reached skill level 16 in Maces & Flails
   962 | D        | Reached XP level 10. HP: 18/87 MP: 3/9
  1252 | D        | Noticed a lindwurm
  1252 | D        | Noticed a lindwurm
  1252 | D        | Noticed a lindwurm
  1252 | D        | Noticed a lindwurm
  1255 | D        | Noticed a lindwurm
  1267 | D        | Killed a lindwurm
  1268 | D        | Reached skill level 17 in Maces & Flails
  1272 | D        | Killed a lindwurm
  1274 | D        | Killed a lindwurm
  1280 | D        | Killed a lindwurm
  1281 | D        | Reached skill level 18 in Maces & Flails
  1281 | D        | Killed from afar by a lindwurm

Illustrated notes

Levels and vault maps discovered:
D:        linesprint [early_d, line_temple, items_1, d_10, items_2, lair_1,
          lair_end, items_3, orc_1, orc_end, items_4, d_15, swamp_1, shoals_1,
          snake_1, spider_1, d_20, vaults_1, items_5, swamp_end, shoals_end,
          snake_end, spider_end, vaults_end, d_27, items_6, zot_1, zot_end,
          crypt_end, forest_end, elf_end, slime_end, tomb_end, abyss_end,
          pan_hell_end]

Skill      XL: |  1  2  3  4  5  6  7  8  9 10 |
---------------+-------------------------------+-----
Armour         | 5 7 8 10 11 12 | 12.5
Fighting       | 4 6 7 9 10 12 | 12.9
Shields        | 5 6 7 9 10 11 12 | 12.2
Long Blades    | 3 |  3.9
Maces & Flails | 3 5 8 10 12 16 18 | 18.2
Dodging        | 1 2 4 5 7 8 |  8.3
Stealth        | 1 2 |  2.6
Evocations     | 1 2 3 |  3.2

Action                   |  1- 3 |  4- 6 |  7- 9 | 10-12 || total
-------------------------+-------+-------+-------+-------++-------
Melee: Long sword        |    26 |       |       |       ||    26
       Headbutt          |     1 |     2 |    34 |     4 ||    41
       Demon whip        |     9 |     4 |   102 |    26 ||   141
Invok: Ancestor Identity |     2 |       |       |       ||     2
       Ancestor Life: Kn |       |       |     1 |       ||     1
Evoke: Wand              |       |     3 |       |     2 ||     5
  Use: Potion            |     1 |     1 |       |     1 ||     3
Armor: Scale mail        |     8 |       |       |       ||     8
       Ring mail         |     2 |     3 |    17 |     4 ||    26
Dodge: Dodged            |    16 |     4 |    28 |    10 ||    58
Block: Kite shield       |    13 |     5 |    23 |     8 ||    49
       Rpst.: Long sword |     5 |       |       |       ||     5

Table legend: (Time is in decaauts)
 A = Elapsed time spent in this place.
 B = Non-inter-level travel time spent in this place.
 C = Inter-level travel time spent in this place.
 D = Time resting spent in this place.
 E = Time spent auto-exploring this place.
 F = Levels seen in this place.
 G = Mean time per level.
                   A        B        C        D        E       F      G
               +--------+--------+--------+--------+--------+-----+--------+
         Total |   1232 |   1232 |      0 |    826 |     86 |   1 | 1232.0 |
       Dungeon |   1232 |   1232 |      0 |    826 |     86 |   1 | 1232.0 |
               +--------+--------+--------+--------+--------+-----+--------+

Top non-repeatable levels by time:
       D: 1232 daAuts
